[Event "51st Rilton Cup 2023-24"]
[Site "Stockholm"]
[Date "2024.01.02"]
[Round "6.15"]
[White "Marn, Jan"]
[Black "Bailet, Pierre"]
[Result "0-1"]
[ECO "D02"]
[WhiteElo "2322"]
[BlackElo "2492"]
[Annotator "TA"]
[PlyCount "107"]
[EventDate "2023.12.27"]
[EventType "swiss"]
[EventCountry "SWE"]
[SourceTitle "playchess.com"]
[Source "ChessBase"]
[SourceQuality "1"]
[TimeControl "40/5400+30:1800+30"]

1. d4 Nf6 2. Bf4 d5 3. e3 e6 4. Nf3 Bd6 5. Nbd2 O-O 6. Bd3 c5 7. c3 Nc6 8. Bg3 b6 9. e4 {[%emt 0:00:45][%cal Be3e4,Be4e5,Be5f6][%mdl 32] D02: 1 d4 d5 2 Nf3 sidelines, including 2...Nf6 3 g3 and 2...Nf6 3 Bf4.} Be7 10. e5 Nh5 11. Ng5 {[%emt 0:00:12][%mdl 64] Discovered Attack. Black has an edge. 11.a3 is not played anymore.} Bxg5 (11... Nxg3 $2 12. Bxh7+ Kh8 13. Nxf7+ Rxf7 14. hxg3 $18) 12. Qxh5 g6 (12... cxd4 $2 13. Qxh7#) 13. Qe2 f5 (13... cxd4 $11 14. O-O dxc3 15. bxc3 Bb7) 14. exf6 $14 cxd4 {[%emt 0:08:25][%cal Bc5d4,Bd4c3,Bc3b2][%mdl 32] [#]} 15. Bb5 $146 (15. Nf3 $1 $14 Qxf6 16. Nxg5 Qxg5 17. Bb5) ({Predecessor:} 15. Nf3 Bxf6 16. Bb5 Qe8 17. cxd4 Bd7 18. Bxc6 Bxc6 19. Be5 Bb5 20. Qd2 Rc8 21. Bxf6 Rxf6 {½-½ Eren,A (2321)-Tarlabasi,E (2275) TUR-ch Antalya 2020 (1)}) 15... dxc3 $15 16. Nf3 {[%emt 0:03:44] Against Nd4} (16. Bxc6 cxd2+ 17. Kd1 Bd7 18. Bxa8 Qxa8) 16... cxb2 (16... Bxf6 $2 17. Bxc6 cxb2 18. Rb1 $18) 17. Rb1 {[%emt 0:00:29] [#]} Qxf6 $1 18. O-O (18. Nxg5 Qxg5) 18... Nd4 19. Nxd4 Qxd4 20. Bc6 {[%emt 0:00:39][%cal Ob1b2] Threatens to win with Rxb2!} Qc4 $1 21. Qxc4 (21. Rxb2 $2 Qxc6 22. Rc2 Ba6 $19) 21... dxc4 22. Bxa8 c3 23. Be4 Ba6 $36 {[%emt 0:00:34][%mdl 2048] Black is in control.} 24. Rfd1 Rc8 {[%emt 0:04:45] White must now prevent ...c2. Black is more active.} 25. Bc2 Bc4 26. Rd7 Bxa2 27. Rc7 (27. Rf1 $17 {is a better defense.}) 27... Rxc7 28. Bxc7 Bd2 (28... Bxb1 29. Bxb1 Bf6 30. Kf1 $17) 29. Rd1 Bc4 {[%emt 0:11:14][%mdl 1024] aiming for ...Be2. Black has strong compensation.} 30. f3 $2 (30. Be5 $17) 30... Be2 $19 31. Rb1 Be3+ 32. Kh1 {[%emt 0:00:02] [#]} Bc4 $2 (32... Bd4 $1 $19 {is more deadly.} 33. h4 a5) 33. Rd1 {[%emt 0:03:45] [#]} a5 (33... Bd4 $1 $17 {[%cal Oa7a5] ...a5! would be deadly.} 34. Rxd4 Bb3) 34. Rd8+ $11 Kf7 {[%emt 0:02:03][%cal Oc4b3] ...Bb3! is the strong threat.} 35. Be5 {[%emt 0:00:04] [#]} Bb3 $1 {[%emt 0:01:31][%mdl 64] Decoy, Promotion} 36. Be4 c2 {[%emt 0:01:15] Some like it hot} 37. Bxc2 Bxc2 $17 38. Bxb2 $15 {[%emt 0:00:02][%mdl 4096] Endgame KRB-KB} h5 39. Rd7+ ({Better is} 39. Ba3) 39... Ke8 $17 40. Ra7 a4 41. Ba3 Bb3 42. g3 (42. h3 $17 {might work better.}) 42... Bd5 43. Kg2 b5 44. Ra5 (44. Re7+ {keeps fighting.} Kd8 45. Bd6) 44... Bc6 $19 45. Kf1 Kd7 ({Inferior is} 45... Bxf3 46. Rxb5 Kd7 47. Ra5 $11) 46. Ke2 Bg1 47. h4 $2 (47. h3) 47... Kc7 {[%emt 0:00:00] Hoping for ...Kb6. Black is clearly winning.} 48. Be7 Kb6 49. Bd8+ Kb7 {[%emt 0:00:00] Strongly threatening ...Bb6.} 50. Be7 Bd4 51. Bb4 Kb6 52. Kd3 Bf2 {[%emt 0:00:00] This pair of bishops is nice.} 53. g4 Bxh4 54. Kd4 {[%emt 0:00:21] Weighted Error Value: White=0.56/Black=0.16 (very precise)} 0-1

[Event "51st Rilton Cup 2023-24"]
[Site "Stockholm"]
[Date "2024.01.02"]
[Round "6.16"]
[White "Terrieux, Kevin"]
[Black "Yordanov, Lachezar"]
[Result "1-0"]
[ECO "D27"]
[WhiteElo "2432"]
[BlackElo "2312"]
[Annotator "RC"]
[PlyCount "75"]
[EventDate "2023.12.27"]
[EventType "swiss"]
[EventCountry "SWE"]
[SourceTitle "playchess.com"]
[Source "ChessBase"]
[SourceQuality "1"]
[TimeControl "40/5400+30:1800+30"]

1. d4 Nf6 2. c4 e6 3. Nf3 d5 4. Nc3 dxc4 5. e3 a6 6. a4 b6 7. Bxc4 Bb7 8. O-O c5 9. Qe2 Nbd7 10. Rd1 Qc7 11. b3 Be7 12. Bb2 O-O 13. d5 exd5 14. Nxd5 Nxd5 15. Bxd5 Bxd5 16. Rxd5 Nf6 17. Bxf6 Bxf6 18. Rad1 Rfd8 19. e4 Rxd5 20. exd5 g6 21. g3 Qb7 22. Qc4 Rd8 23. Rd3 Rc8 24. Qf4 Kg7 25. Ne5 b5 26. Ng4 Ba1 27. Qc1 Bd4 28. Rxd4 f5 29. Qh6+ Kh8 30. Rf4 Qe7 31. Ne3 c4 32. bxc4 bxa4 33. Rh4 a3 34. d6 Qf7 35. Nc2 a2 36. Qd2 Rb8 37. d7 Qe7 38. Rd4 1-0

[Event "51st Rilton Cup 2023-24"]
[Site "Stockholm"]
[Date "2024.01.02"]
[Round "6.17"]
[White "Falkevall, Axel"]
[Black "Sidhant, Mohapatra"]
[Result "1/2-1/2"]
[ECO "B51"]
[WhiteElo "2311"]
[BlackElo "2408"]
[Annotator "RC"]
[PlyCount "175"]
[EventDate "2023.12.27"]
[EventType "swiss"]
[EventCountry "SWE"]
[SourceTitle "playchess.com"]
[Source "ChessBase"]
[SourceQuality "1"]
[TimeControl "40/5400+30:1800+30"]

1. e4 c5 2. Nf3 d6 3. Bb5+ Nd7 4. a4 a6 5. Be2 Ngf6 6. Nc3 g6 7. a5 b5 8. axb6 Bb7 9. d3 Bg7 10. O-O O-O 11. Qd2 a5 12. Qg5 Qxb6 13. Qh4 Bc6 14. Nd2 d5 15. exd5 Nxd5 16. Nc4 Nxc3 17. Nxb6 Nxe2+ 18. Kh1 Nxb6 19. Qxe7 Nd4 20. c3 Ne6 21. Qd6 Rfc8 22. Re1 a4 23. h4 Bf8 24. Qg3 Re8 25. Bg5 Nd5 26. Rad1 Nxg5 27. hxg5 Rab8 28. Rxe8 Rxe8 29. d4 c4 30. Rd2 Re1+ 31. Kh2 Re6 32. Qg4 a3 33. bxa3 Bxa3 34. Re2 Bd7 35. Rxe6 Bxe6 36. Qg3 h5 37. gxh6 Bc1 38. Kg1 Bxh6 39. Qb8+ Bf8 40. Qb2 Kg7 41. Qa1 Be7 42. g3 Bg5 43. Qb2 Bd8 44. Qa1 Nf6 45. Qa8 Be7 46. Qa7 Nd5 47. Qa1 g5 48. f3 Bd6 49. Kf2 g4 50. Qc1 Be7 51. fxg4 Bxg4 52. Qe1 Bf6 53. Kg2 Be6 54. Qd2 Bd8 55. Qe1 Ba5 56. Qe5+ Kg8 57. Qb8+ Kh7 58. Qb1+ Kg7 59. Qc1 Kg6 60. Qb1+ Kf6 61. Kh2 Nxc3 62. Qa1 Bb4 63. d5 Bxd5 64. Qb2 Bd6 65. Qxc3+ Be5 66. Qa5 Be6 67. Qd8+ Kf5 68. Kg2 Bf6 69. Qa5+ Kg6 70. Qa4 c3 71. g4 Kg7 72. Kf3 Bd5+ 73. Kf4 Kg6 74. Qc2+ Kg7 75. g5 Be7 76. Qxc3+ Kg8 77. Qc8+ Bf8 78. Qe8 Ba2 79. Ke5 Bb1 80. Kf6 Bg6 81. Qa8 Bh5 82. Qb8 Bg6 83. Qc8 Bh5 84. Qh3 Bg6 85. Qf3 Bh7 86. Qa8 Bg6 87. Qb8 Bh5 88. Qa8 1/2-1/2

[Event "51st Rilton Cup 2023-24"]
[Site "Stockholm"]
[Date "2024.01.02"]
[Round "6.18"]
[White "Mamedov, Edgar"]
[Black "Krishna C R G"]
[Result "0-1"]
[ECO "A87"]
[WhiteElo "2321"]
[BlackElo "2396"]
[Annotator "RC"]
[PlyCount "68"]
[EventDate "2023.12.27"]
[EventType "swiss"]
[EventCountry "SWE"]
[SourceTitle "playchess.com"]
[Source "ChessBase"]
[SourceQuality "1"]
[TimeControl "40/5400+30:1800+30"]

1. d4 d6 2. Nf3 f5 3. g3 Nf6 4. Bg2 g6 5. O-O Bg7 6. c4 O-O 7. Nc3 e6 8. Re1 Nc6 9. d5 Ne5 10. Nd4 Nxc4 11. Nxe6 Bxe6 12. dxe6 c6 13. Qb3 d5 14. Qxb7 Qb6 15. Qxb6 axb6 16. e7 Rfe8 17. Bg5 Ne4 18. Nxe4 fxe4 19. Bh3 h6 20. Bd7 hxg5 21. Bxc6 Rac8 22. Bxe8 Rxe8 23. Rad1 d4 24. Rc1 Nxb2 25. Rc6 d3 26. exd3 exd3 27. Rd6 Kf7 28. Rc1 Rxe7 29. Kf1 Be5 30. Rd8 Rc7 31. Re1 Bf6 32. Rd6 Bc3 33. Ree6 d2 34. Rxg6 Nc4 0-1

[Event "51st Rilton Cup 2023-24"]
[Site "Stockholm"]
[Date "2024.01.02"]
[Round "6.19"]
[White "D`Costa, Lorin"]
[Black "Grahn, Vidar"]
[Result "1-0"]
[ECO "A36"]
[WhiteElo "2375"]
[BlackElo "2274"]
[Annotator "RC"]
[PlyCount "87"]
[EventDate "2023.12.27"]
[EventType "swiss"]
[EventCountry "SWE"]
[SourceTitle "playchess.com"]
[Source "ChessBase"]
[SourceQuality "1"]
[TimeControl "40/5400+30:1800+30"]

1. Nf3 c5 2. b3 Nc6 3. Bb2 d6 4. c4 e5 5. Nc3 g6 6. g3 Bg7 7. d3 Nge7 8. Bg2 O-O 9. O-O a6 10. e3 Rb8 11. Qe2 b5 12. Rfd1 f5 13. Rac1 h6 14. Ba1 Qe8 15. Nd5 Nxd5 16. cxd5 Ne7 17. e4 f4 18. b4 g5 19. bxc5 g4 20. Nd2 f3 21. Nxf3 gxf3 22. Bxf3 dxc5 23. Rxc5 Qg6 24. Rdc1 Bd7 25. Bc3 b4 26. Bd2 Rfc8 27. Bh5 Qd6 28. Be3 a5 29. f4 exf4 30. gxf4 Rxc5 31. Bxc5 Qxf4 32. Rf1 Qg5+ 33. Kh1 Be8 34. Bg4 Bf7 35. Be3 Qg6 36. Rxf7 b3 37. axb3 Rxb3 38. Be6 Kh8 39. Rf1 a4 40. Bf7 Qd6 41. Bf4 Qf6 42. Bg3 Rb2 43. Rxf6 Rxe2 44. Ra6 1-0

[Event "51st Rilton Cup 2023-24"]
[Site "Stockholm"]
[Date "2024.01.02"]
[Round "6.20"]
[White "Djurovic, Goran"]
[Black "Srihari L"]
[Result "1/2-1/2"]
[ECO "E71"]
[WhiteElo "2372"]
[BlackElo "2272"]
[Annotator "RC"]
[PlyCount "56"]
[EventDate "2023.12.27"]
[EventType "swiss"]
[EventCountry "SWE"]
[SourceTitle "playchess.com"]
[Source "ChessBase"]
[SourceQuality "1"]
[TimeControl "40/5400+30:1800+30"]

1. d4 Nf6 2. c4 g6 3. Nc3 Bg7 4. e4 d6 5. h3 O-O 6. Be3 e5 7. d5 Na6 8. g4 Nc5 9. f3 a5 10. Qd2 c6 11. O-O-O cxd5 12. cxd5 a4 13. Kb1 Qb6 14. a3 Bd7 15. Nge2 Rfc8 16. Nc1 Qd8 17. Bd3 b5 18. N3a2 Nxd3 19. Nxd3 Rc4 20. Rc1 Rac8 21. Rxc4 Rxc4 22. Rc1 Rxc1+ 23. Kxc1 Ne8 24. Bg5 Qc7+ 25. Qc2 Qb6 26. Qf2 Qc7+ 27. Qc2 Qb6 28. Qf2 Qc7+ 1/2-1/2

[Event "51st Rilton Cup 2023-24"]
[Site "Stockholm"]
[Date "2024.01.02"]
[Round "6.21"]
[White "Wartiovaara, Oliver"]
[Black "Kavutskiy, Konstantin"]
[Result "0-1"]
[ECO "A37"]
[WhiteElo "2294"]
[BlackElo "2384"]
[Annotator "RC"]
[PlyCount "79"]
[EventDate "2023.12.27"]
[EventType "swiss"]
[EventCountry "SWE"]
[SourceTitle "playchess.com"]
[Source "ChessBase"]
[SourceQuality "1"]
[TimeControl "40/5400+30:1800+30"]

1. Nf3 c5 2. g3 Nc6 3. Bg2 g6 4. c4 Bg7 5. Nc3 d6 6. O-O e6 7. e3 Nge7 8. d4 O-O 9. b3 Nf5 10. Ne2 e5 11. dxe5 dxe5 12. Qxd8 Rxd8 13. Ng5 Nfe7 14. Ba3 h6 15. Ne4 b6 16. Rad1 Be6 17. N4c3 f5 18. Nd5 Rac8 19. Rd2 e4 20. Rfd1 Bxd5 21. cxd5 Ne5 22. Nf4 Rd6 23. Bb2 Nf3+ 24. Bxf3 exf3 25. Bxg7 Kxg7 26. g4 Kf6 27. gxf5 gxf5 28. Kh1 Rg8 29. Rg1 Rxg1+ 30. Kxg1 Ke5 31. Rc2 Nxd5 32. Nd3+ Kf6 33. Ne1 Nb4 34. Rc1 Nxa2 35. Ra1 Nc3 36. Nxf3 a5 37. Kf1 Rd3 38. Ke1 f4 39. Nd2 fxe3 40. Nc4 0-1

[Event "51st Rilton Cup 2023-24"]
[Site "Stockholm"]
[Date "2024.01.02"]
[Round "6.22"]
[White "Ajay Santhosh Parvathareddy"]
[Black "Aradhya, Garg"]
[Result "0-1"]
[ECO "D12"]
[WhiteElo "2228"]
[BlackElo "2390"]
[Annotator "RC"]
[PlyCount "50"]
[EventDate "2023.12.27"]
[EventType "swiss"]
[EventCountry "SWE"]
[SourceTitle "playchess.com"]
[Source "ChessBase"]
[SourceQuality "1"]
[TimeControl "40/5400+30:1800+30"]

1. d4 d5 2. Nf3 Nf6 3. e3 Bf5 4. c4 c6 5. Nc3 e6 6. Qb3 Qb6 7. c5 Qc7 8. Qa4 Be7 9. b4 O-O 10. Nh4 Be4 11. f3 Ng4 12. fxe4 Bxh4+ 13. g3 Bxg3+ 14. hxg3 Qxg3+ 15. Ke2 Nf2 16. Rh5 dxe4 17. Qc2 f5 18. Rg5 Ng4 19. Kd1 Nf2+ 20. Ke2 Qxg5 21. Kxf2 Nd7 22. Ke1 Nf6 23. Qg2 Qh6 24. Bd2 Nd5 25. Qf2 a6 0-1

[Event "51st Rilton Cup 2023-24"]
[Site "Stockholm"]
[Date "2024.01.02"]
[Round "6.23"]
[White "Dixit, Nikhil"]
[Black "Kokoszczynski, Jan"]
[Result "0-1"]
[ECO "C43"]
[WhiteElo "2365"]
[BlackElo "2250"]
[Annotator "RC"]
[PlyCount "37"]
[EventDate "2023.12.27"]
[EventType "swiss"]
[EventCountry "SWE"]
[SourceTitle "playchess.com"]
[Source "ChessBase"]
[SourceQuality "1"]
[TimeControl "40/5400+30:1800+30"]

1. e4 e5 2. Nf3 Nf6 3. d4 Nxe4 4. Bd3 d5 5. Nxe5 Nd7 6. O-O Bd6 7. Nxd7 Bxd7 8. Qf3 O-O 9. c4 Qh4 10. g3 Bg4 11. Qe3 Qh3 12. Re1 Rae8 13. Bf1 Qh5 14. Bg2 Bb4 15. Rf1 Be2 16. Qb3 Bxf1 17. Bxf1 Be1 18. Be3 Qf5 19. Qc2 0-1

[Event "51st Rilton Cup 2023-24"]
[Site "Stockholm"]
[Date "2024.01.02"]
[Round "6.24"]
[White "Ivanov, Mike"]
[Black "Arpita, Mukherjee"]
[Result "1-0"]
[ECO "D02"]
[WhiteElo "2356"]
[BlackElo "2186"]
[Annotator "RC"]
[PlyCount "47"]
[EventDate "2023.12.27"]
[EventType "swiss"]
[EventCountry "SWE"]
[SourceTitle "playchess.com"]
[Source "ChessBase"]
[SourceQuality "1"]
[TimeControl "40/5400+30:1800+30"]

1. Nf3 Nf6 2. g3 c5 3. Bg2 d5 4. O-O Nc6 5. d4 cxd4 6. Nxd4 e5 7. Nxc6 bxc6 8. c4 h6 9. Nc3 e4 10. cxd5 cxd5 11. Bf4 Qd7 12. Be5 Bb7 13. Bxf6 gxf6 14. Qd4 Bg7 15. Rfd1 Rd8 16. Qxa7 f5 17. Qc5 Qc6 18. Qb4 Bf8 19. Qd4 f6 20. b4 Be7 21. Rac1 Qd7 22. e3 O-O 23. Bh3 Qe6 24. Ne2 1-0

[Event "51st Rilton Cup 2023-24"]
[Site "Stockholm"]
[Date "2024.01.02"]
[Round "6.25"]
[White "Brilej, Jaka"]
[Black "Lim, Zhuo Ren"]
[Result "1/2-1/2"]
[ECO "B33"]
[WhiteElo "2348"]
[BlackElo "2218"]
[Annotator "RC"]
[PlyCount "78"]
[EventDate "2023.12.27"]
[EventType "swiss"]
[EventCountry "SWE"]
[SourceTitle "playchess.com"]
[Source "ChessBase"]
[SourceQuality "1"]
[TimeControl "40/5400+30:1800+30"]

1. e4 c5 2. Nf3 Nc6 3. d4 cxd4 4. Nxd4 Nf6 5. Nc3 e5 6. Ndb5 d6 7. Bg5 a6 8. Na3 b5 9. Nd5 Be7 10. Bxf6 Bxf6 11. c3 Rb8 12. Nc2 Bg5 13. a4 bxa4 14. Ncb4 Nxb4 15. cxb4 O-O 16. Rxa4 a5 17. b5 Bd7 18. h4 Bh6 19. Nc3 d5 20. exd5 f5 21. Be2 e4 22. d6 Kh8 23. Qd4 Rf6 24. g3 Qf8 25. O-O Rxd6 26. Qa7 Ra8 27. Qc7 g5 28. Rd1 Rxd1+ 29. Nxd1 Qe8 30. Rd4 Be6 31. hxg5 Bg7 32. Rd2 h6 33. gxh6 Bxh6 34. Rd6 Bg7 35. Ra6 a4 36. Bh5 Qg8 37. Bf7 Bxf7 38. Rxa8 Qxa8 39. Qxf7 Qd8 1/2-1/2

[Event "51st Rilton Cup 2023-24"]
[Site "Stockholm"]
[Date "2024.01.02"]
[Round "6.26"]
[White "Nyysti, Sampsa"]
[Black "Starosta, Martyna"]
[Result "1/2-1/2"]
[ECO "A17"]
[WhiteElo "2339"]
[BlackElo "2067"]
[Annotator "RC"]
[PlyCount "62"]
[EventDate "2023.12.27"]
[EventType "swiss"]
[EventCountry "SWE"]
[SourceTitle "playchess.com"]
[Source "ChessBase"]
[SourceQuality "1"]
[TimeControl "40/5400+30:1800+30"]

1. Nf3 Nf6 2. c4 e6 3. Nc3 Bb4 4. Qc2 d5 5. a3 Bd6 6. cxd5 exd5 7. Nb5 O-O 8. e3 b6 9. Be2 Ba6 10. Nxd6 Qxd6 11. d3 c5 12. O-O Nc6 13. b4 Rac8 14. Qa4 Bb7 15. bxc5 bxc5 16. Rb1 Ba8 17. Bb2 Rfe8 18. Rfe1 Rcd8 19. Bxf6 Qxf6 20. Rbc1 c4 21. dxc4 d4 22. exd4 Nxd4 23. Nxd4 Qxd4 24. Bf3 Rf8 25. Rcd1 Qc3 26. Qb4 Qxb4 27. axb4 Bxf3 28. gxf3 Rb8 29. b5 Rfc8 30. Re4 Rc7 31. Ra1 Rd8 1/2-1/2

[Event "51st Rilton Cup 2023-24"]
[Site "Stockholm"]
[Date "2024.01.03"]
[Round "7.1"]
[White "Blomqvist, Erik"]
[Black "Trost, Edvin"]
[Result "1/2-1/2"]
[ECO "B31"]
[WhiteElo "2521"]
[BlackElo "2434"]
[Annotator "TA"]
[PlyCount "88"]
[EventDate "2023.12.27"]
[EventType "swiss"]
[EventCountry "SWE"]
[SourceTitle "playchess.com"]
[Source "ChessBase"]
[SourceQuality "1"]
[TimeControl "40/5400+30:1800+30"]

1. e4 c5 2. Nf3 Nc6 3. Bb5 g6 4. Bxc6 bxc6 5. O-O Bg7 6. Re1 Qc7 $1 {[%emt 0:00:11][%mdl 4] is recently more successful than 6...Nh6. B31: Sicilian: 2...Nc6 3 Bb5 g6.} 7. c3 d6 8. h3 Nf6 {[%emt 0:00:04] White has an edge.} 9. d4 cxd4 10. cxd4 O-O 11. Nc3 c5 12. Bg5 cxd4 13. Nxd4 Bb7 14. Qd2 {[%emt 0:01:42] [#]} Rac8 $146 ({Predecessor:} 14... Rfe8 15. Rac1 Qb6 16. Be3 Qd8 17. Bh6 Bh8 18. Rcd1 Rc8 19. Nb3 Nd7 20. Nd5 Nb6 21. Nxb6 Qxb6 {½-½ Fedorchuk,S (2594)-Fier,A (2563) NED-chT 2122 2021 (1.4)}) 15. Bh6 Bxh6 16. Qxh6 Qb6 17. Qd2 (17. Nb3 {keeps more tension.} Rc4 18. Nd2 Rc7 19. Nb3) 17... Rc4 18. Rad1 Rfc8 19. Re3 R8c5 {[%emt 0:08:52] The position is equal.} (19... Kg7 {seems wilder.} 20. Ree1 h6 21. e5 Ne4) 20. Qe1 Rc7 21. Red3 Qc5 ({Resist} 21... Qxb2 22. Rb1 Qa3 23. Ndb5 $16) 22. Qe3 a6 23. Qe2 Kg7 24. Qe3 Qh5 25. f3 Rc8 26. Nde2 Nd7 27. Nd5 (27. b3 $5 R4c5 28. Nd5 Bxd5 29. Rxd5 Rxd5 30. Rxd5 $11) 27... Qe5 28. Nec3 Bxd5 29. Rxd5 Qe6 30. Ra5 R8c6 31. Ne2 {[%emt 0:01:18][%cal Bc3e2,Be2d4,Bd4c2,Bc2e3][%mdl 32] [#] Strongly threatening b3.} Qf6 $1 32. Nd4 Rb6 33. b3 Rc8 34. Qe2 Nc5 35. Qd2 h5 36. Nc2 Nb7 37. Ra4 Qc3 38. Ne3 {[%emt 0:00:39] [#] Qxc3+ is the strong threat.} Qxd2 39. Rxd2 Rc1+ 40. Kf2 {[%emt 0:00:10] next Nd5 is good for White.} Nc5 41. Ra3 Rc6 42. h4 Kf8 43. Ke2 Ne6 44. Nd5 R1c5 {[%emt 0:00:30] An interesting draw.   Weighted Error Value: White=0.04 (flawless) /Black=0.02 (flawless)} 1/2-1/2

[Event "51st Rilton Cup 2023-24"]
[Site "Stockholm"]
[Date "2024.01.03"]
[Round "7.2"]
[White "Sivuk, Vitaly"]
[Black "Raja Rithvik R"]
[Result "1-0"]
[ECO "D35"]
[WhiteElo "2490"]
[BlackElo "2500"]
[Annotator "TA"]
[PlyCount "123"]
[EventDate "2023.12.27"]
[EventType "swiss"]
[EventCountry "SWE"]
[SourceTitle "playchess.com"]
[Source "ChessBase"]
[SourceQuality "1"]
[TimeControl "40/5400+30:1800+30"]

1. d4 d5 2. c4 e6 3. Nf3 Nf6 4. Nc3 c6 5. cxd5 exd5 6. Bf4 Bf5 7. e3 Nbd7 {[%emt 0:04:26] D35: Queen's Gambit Declined: Exchange Variation.} 8. Nh4 {[%emt 0:02:24] Recently 8.h3 got a lot of attention.} Be4 9. f3 Bg6 {[%emt 0:00:59] [#] White has an edge.} 10. g4 $146 {[%emt 0:03:09] Wards off Nh5} ({Predecessor:} 10. Nxg6 fxg6 11. h3 Bb4 12. Qb3 Bxc3+ 13. bxc3 Qb6 14. Bd3 O-O 15. Qa3 c5 16. Rb1 Qc6 17. Bb5 Qc8 18. O-O a6 19. Bxd7 Nxd7 20. dxc5 Qc7 21. c6 Qxc6 22. Qd6 {1-0 Merkouropoulos,D (1255)-Deliezos,A (1136) GRE-ch South U10 2020 (2)}) 10... Be7 11. Nxg6 hxg6 12. Qb3 Qb6 13. Qc2 Nf8 14. O-O-O Ne6 15. Bg3 O-O-O 16. h4 (16. Na4 {seems wilder.} Qa5 17. h4 Bd6 18. Be1) 16... Bd6 17. Bf2 Qc7 18. Bh3 Rhe8 (18... Kb8 $11 {keeps the balance.}) 19. g5 (19. e4 $5 ) 19... Ng8 (19... Nd7 $14) 20. Kb1 {[%emt 0:00:41] White is more active.} Kb8 21. Rc1 Ne7 22. Ne2 Nc8 23. Qd3 Nb6 24. Rc2 Qe7 (24... Nc4 {is interesting.} 25. e4 Qb6 26. Qb3 Nf4) 25. b3 Nc7 26. a4 Na6 {[%emt 0:00:11] ...Nb4 is the strong threat.} 27. Qd1 f5 28. Re1 Rc8 29. Nc3 Bb4 30. Ree2 Ka8 31. Na2 Bd6 32. Re1 (32. a5 $5 Nd7 33. e4 $11) 32... Rcd8 33. Bf1 Nb4 34. Nxb4 (34. Rc1 {is more complex.} Nxa2 35. Kxa2 Ba3 36. Rb1) 34... Bxb4 35. Ree2 Qd6 36. Qd3 Nd7 37. Rc1 Re7 38. Ra2 Qc7 39. f4 Qa5 40. Be2 Rh8 41. Bf3 (41. h5 $11) 41... Nb6 $15 42. h5 {[%emt 0:02:17][%mdl 64] [#] Deflection} gxh5 43. Qxf5 Nc8 $1 44. Rh1 Nd6 45. Qg6 a6 46. Rc2 {[%emt 0:08:01] [#]} (46. Bxh5 $2 Ne4 47. Rc1 Bd2 $19) (46. Rxh5 $2 Rxh5 47. Qxh5 Be1 $19) 46... h4 $1 47. Qd3 h3 48. Bg1 Ne4 ({Black should try} 48... Ka7 $17) 49. Bxe4 $11 dxe4 50. Qf1 Qf5 {[%emt 0:01:39] White must now prevent ...c5.} 51. Rch2 $2 (51. Bf2 $1 $11) 51... c5 52. Rxh3 Rxh3 53. Rxh3 (53. Qxh3 $17 Qd5 54. Qc8+ Ka7 55. Kb2 cxd4 56. Qc4 (56. Rh8 $2 d3 $19) 56... Qxc4 57. bxc4) 53... cxd4 $2 (53... Re8 $19 {Hoping for ...cxd4.} 54. Kb2 cxd4 55. exd4 Bd2) 54. Rh8+ (54. exd4 $2 e3+ 55. Kb2 e2 56. Rh8+ Ka7 57. d5+ b6 $19) 54... Ka7 55. Qc4 (55. exd4 e3+ 56. Kb2 e2 57. d5+ b6 58. Bxb6+ Kxb6 59. Qf2+ Kb7 60. a5 Bxa5 61. Qc5 Rc7) 55... Bc3 56. Ka2 (56. exd4 e3+ 57. Kc1 Ba5 $15) 56... Ba5 57. exd4 {[%emt 0:03:33] And now Be3 would win.} e3 58. d5 $36 {[%emt 0:00:09][%mdl 2048] Threatens to win with d6. Black is under pressure.} Re4 $2 (58... Qg4 $1 $11 {and Black is okay.} 59. Qc5+ Bb6 60. Qxe7 Qg2+ 61. Ka3 Qxg1) 59. Rf8 $1 $18 {[%emt 0:00:59][%mdl 64] Deflection} Qh7 $2 {[%emt 0:00:28] Wards off Bxe3+} (59... Qg6 $18 60. f5 Qxg5 61. Qxe4 Qxg1) 60. Qc5+ {[%emt 0:00:37] White mates.} ({Inferior is} 60. Qc8 Qh1 61. Qa8+ Kb6 62. Qd8+ Ka7 63. Qa8+ (63. Qxa5 Qg2+ 64. Ka3 Qc2 $11) (63. Qb8+ Kb6 $11) 63... Kb6 64. Qd8+ Ka7 65. Qb8+ (65. Qxa5 Qg2+ 66. Ka3 Qc2 $14) 65... Kb6 66. Qd6+ Ka7 67. Qb8+ Kb6 68. Qd6+ Ka7 69. Qb8+ $11) 60... Bb6 61. Qc8 Bd4 62. a5 {[%emt 0:00:13] What a bad dream for Black.   Weighted Error Value: White=0.14 (very precise) /Black=0.31} 1-0